 Dungeon Crawl Stone Soup version 0.21.1-1-g345015f (webtiles) character file.

2262 Dfrag the Destroyer (level 9, 0/68 HPs)
             Began as a Naga Conjurer on Feb 11, 2018.
             Was a Follower of Makhleb.
             Slain by an orc
             ... wielding a +0 halberd
              (9 damage)
             ... in a bailey.
             The game lasted 00:07:44 (4097 turns).

Dfrag the Destroyer (Naga Conjurer)                 Turns: 4097, Time: 00:07:45

Health: 0/68       AC:  7    Str: 10    XL:     9   Next: 38%
Magic:  1/21       EV: 10    Int: 23    God:    Makhleb [*.....]
Gold:   216        SH:  0    Dex: 11    Spells: 13/24 levels left

rFire    . . .     SeeInvis +   j - +0 short sword
rCold    . . .     Gourm    .   (no shield)
rNeg     . . .     Faith    .   a - +0 robe
rPois    +         Spirit   .   z - +1 helmet
rElec    .         Reflect  .   (no cloak)
rCorr    .         Harm     .   (no gloves)
MR       +....                  (no barding)
Stlth    ++........             m - amulet of rage
HPRegen  0.21/turn              g - +1 ring of protection
MPRegen  0.17/turn              q - +3 ring of intelligence

@: short of breath, very slow
A: large, see invisible, deformed body, poison resistance, slowness 2, slow
metabolism 1, spit poison 1, AC +3
a: Spit Poison, Renounce Religion, Evoke Berserk Rage


You were in a bailey.
You worshipped Makhleb.
Makhleb was aware of your devotion.
You were not hungry.

You visited 2 branches of the dungeon, and saw 9 of its levels.
You also visited: Bailey.

You collected 216 gold pieces.

Inventory:

Hand Weapons
 j - a +0 short sword (weapon)
 y - a cursed -3 short sword
 A - a +1 mace of holy wrath
Armour
 a - a +0 robe (worn)
 z - a +1 helmet (worn)
Jewellery
 g - a +1 ring of protection (left hand)
 m - an amulet of rage (around neck)
 q - a +3 ring of intelligence (right hand)
 r - an uncursed ring of protection from fire
Scrolls
 h - a scroll of fear {unknown}
 i - 4 scrolls of remove curse
 n - 4 scrolls of enchant armour
 u - 3 scrolls of teleportation
 w - a scroll of enchant weapon {unknown}
 B - a scroll of random uselessness {unknown}
 C - a scroll of magic mapping {unknown}
Potions
 e - a potion of heal wounds
 f - 3 potions of degeneration
 o - a potion of magic {unknown}
 p - a potion of ambrosia {unknown}
 s - 2 potions of might {unknown}
 v - 2 potions of curing {unknown}
 D - 2 potions of brilliance {unknown}
Books
 b - a book of Conjurations

   Spells                             Type                      Level
   a - Magic Dart                     Conjuration                  1
   b - Searing Ray                    Conjuration                  2
   c - Dazzling Spray                 Conjuration/Hexes            3
   d - Fulminant Prism                Conjuration/Hexes            4
   e - Force Lance                    Conjuration/Translocation    4
   f - Iskenderun's Mystic Blast      Conjuration                  4
 t - a book of Necromancy

   Spells                             Type                      Level
   a - Pain                           Necromancy                   1
   b - Animate Skeleton               Necromancy                   1
   c - Vampiric Draining              Necromancy                   3
   d - Regeneration                   Charms/Necromancy            3
   e - Animate Dead                   Necromancy                   4
   f - Borgnjor's Vile Clutch         Necromancy/Earth             5
Comestibles
 c - 10 rations


   Skills:
 - Level 1.5 Dodging
 - Level 3.0 Stealth
 + Level 8.2 Spellcasting
 + Level 9.5 Conjurations


You had 13 spell levels left.
You knew the following spells:

 Your Spells              Type           Power        Failure   Level  Hunger
a - Magic Dart            Conj           ####         1%          1    None
b - Searing Ray           Conj           ######       1%          2    None
c - Iskenderun's Mystic   Conj           ######..     1%          4    ###....
d - Force Lance           Conj/Tloc      ####....     10%         4    ###....


Dungeon Overview and Level Annotations

Branches:
Dungeon (8/15)             Temple (1/1) D:4
   Lair: D:8-11

Altars:
Ashenzari
Makhleb
Xom
Zin

Annotations:
D:3 Killswitch's ghost, amateur DDNe
D:6 AlmostDecent's ghost, novice HOFi
D:7 Killswitch's ghost, novice DDNe


Innate Abilities, Weirdness & Mutations

You cannot wear boots.
Your serpentine skin is tough. (AC +3)
You have supernaturally acute eyesight. (SInv)
Armour fits poorly on your strangely shaped body.
Your system is resistant to poisons. (rPois)
You cover ground very slowly.
You have a slow metabolism.
You can spit poison.


Message History

Aiming: Iskenderun's Mystic Blast
Press: ? - help, Shift-Dir - straight line, f - orc
Aim: an orc, wielding a war axe The orb of energy hits the orc.
You kill the orc!
Makhleb accepts your kill.
You feel better.
The orb of energy explodes!
The mystic blast hits the orc.
You kill the orc!
Makhleb accepts your kill. The orc closely misses you.
The orc hits you from afar with a halberd.
* * * LOW HITPOINT WARNING * * *
Casting: Iskenderun's Mystic Blast
Confirm with . or Enter, or press ? or * to list all spells.
Okay, then.
Press: ? - help, Shift-Dir - straight line, f - orc
Aim: an orc, wielding a halberd The splash of poison misses the orc.
You feel slightly more hungry.
The orc hits you from afar with a halberd!
You die...

#######
##..∩..##
#..)@...#
#∩.))).∩#
#.o)))o.#
#...)...#
#.......#
#.......#
#.......#
#.......#
#.......#


You could see 2 orcs.

Vanquished Creatures
  6 yaks (D:7)
  A porcupine (D:8)
  An orc warrior (D:8)
  2 black bears (D:8)
  A necrophage (D:8)
  3 ogres
  A crocodile (D:8)
  2 bullfrogs
  A scorpion (D:4)
  2 crimson imps
  2 orc priests
  2 iguanas (D:5)
  Ijyb (D:5)
  Natasha (D:4)
  A worker ant (D:4)
  Robin (D:4)
  4 adders
  2 worms (D:2)
  2 dart slugs (D:1)
  A leopard gecko (D:2)
  15 orcs
  4 bats
  8 giant cockroaches
  11 goblins
  17 hobgoblins
  6 jackals
  2 quokkas
  A ball python (D:2)
  6 frilled lizards
  6 kobolds
  A leopard gecko skeleton (D:8)
  9 rats
123 creatures vanquished.

Vanquished Creatures (others)
  A fungus (D:8)
  A plant (D:8)
2 creatures vanquished.

Grand Total: 125 creatures vanquished

Notes
Turn   | Place    | Note
-------+----------+-------------------------------------------
     0 | D:1      | Dfrag the Naga Conjurer began the quest for the Orb.
     0 | D:1      | Reached XP level 1. HP: 15/15 MP: 3/3
    42 | D:1      | Reached XP level 2. HP: 19/22 MP: 0/5
   538 | D:1      | Reached XP level 3. HP: 24/28 MP: 1/6
   848 | D:2      | Learned a level 2 spell: Searing Ray
   992 | D:2      | Reached XP level 4. HP: 36/36 MP: 3/8
  1525 | D:3      | Noticed Killswitch's ghost (amateur DDNe)
  1599 | D:3      | Found a faded altar of an unknown god.
  1611 | D:3      | Reached skill level 5 in Conjurations
  1743 | D:4      | Reached XP level 5. HP: 41/42 MP: 2/10
  1825 | D:4      | Found a staircase to the Ecumenical Temple.
  1918 | Temple   | Entered the Ecumenical Temple
  1925 | Temple   | Became a worshipper of Makhleb the Destroyer
  2182 | D:4      | Noticed an ogre
  2188 | D:4      | Killed an ogre
  2283 | D:4      | Reached XP level 6. HP: 49/49 MP: 10/12
  2296 | D:4      | Noticed Robin
  2317 | D:4      | Killed Robin
  2401 | D:4      | Noticed Natasha
  2405 | D:4      | Killed Natasha
  2405 | D:4      | Reached skill level 6 in Conjurations
  2550 | D:5      | Entered Level 5 of the Dungeon
  2883 | D:5      | Reached * piety under Makhleb
  2883 | D:5      | Reached XP level 7. HP: 55/55 MP: 7/14
  2892 | D:5      | Noticed Ijyb
  2899 | D:5      | Killed Ijyb
  2899 | D:5      | Reached skill level 5 in Spellcasting
  3125 | D:6      | Learned a level 4 spell: Iskenderun's Mystic Blast
  3130 | D:6      | Learned a level 4 spell: Force Lance
  3229 | D:6      | Noticed AlmostDecent's ghost (novice HOFi)
  3253 | D:7      | Reached skill level 7 in Conjurations
  3271 | D:7      | Noticed a yak
  3271 | D:7      | Noticed a yak
  3273 | D:7      | Noticed a yak
  3273 | D:7      | Noticed a yak
  3287 | D:7      | Noticed a yak
  3288 | D:7      | Killed a yak
  3288 | D:7      | Reached XP level 8. HP: 9/62 MP: 6/17
  3289 | D:7      | Killed a yak
  3290 | D:7      | Noticed a yak
  3595 | D:7      | Killed a yak
  3595 | D:7      | Reached skill level 8 in Conjurations
  3604 | D:7      | Killed a yak
  3607 | D:7      | Killed a yak
  3616 | D:7      | Killed a yak
  3660 | D:7      | Noticed Killswitch's ghost (novice DDNe)
  3772 | D:8      | Reached XP level 9. HP: 49/68 MP: 12/20
  3789 | D:8      | Reached skill level 9 in Conjurations
  3864 | D:8      | Noticed a two-headed ogre
  4006 | D:8      | Found a flagged portal.
  4026 | Bailey   | Entered a bailey
  4097 | Bailey   | Slain by an orc

Skill      XL: |  1  2  3  4  5  6  7  8  9 |
---------------+----------------------------+-----
Spellcasting   | 3 4 6 7 8 |  8.2
Conjurations   | 5 6 7 8 9 |  9.5
Dodging        | |  1.5
Stealth        | |  3.0

Action                   |  1- 3 |  4- 6 |  7- 9 || total
-------------------------+-------+-------+-------++-------
Melee: Unarmed           |    16 |       |       ||    16
       Short sword       |       |    22 |    32 ||    54
 Cast: Magic Dart        |    46 |    54 |    10 ||   110
       Searing Ray       |       |     9 |    19 ||    28
       Iskenderun's Myst |       |       |     4 ||     4
 Abil: Spit Poison       |    23 |    16 |     6 ||    45
       Evoke Berserk Rag |       |     1 |       ||     1
Evoke: Wand              |       |       |     5 ||     5
  Use: Scroll            |       |       |     5 ||     5
       Potion            |       |       |     3 ||     3
  Eat: Chunk             |     2 |     6 |     1 ||     9
       Ration            |       |       |     1 ||     1
Armor: Robe              |     2 |     8 |    17 ||    27
Dodge: Dodged            |    26 |    28 |    62 ||   116
